MLB2
PROVIDENCE HEAT @ SAN ANTONIO TEXANS
07/19/2023
 
TOP OF THE 1ST
Providence Heat batting - Pitching for San Antonio Texans : LHP Logan Allen
Pitching: LHP Logan Allen
Batting: SHB Wilmer Difo 0-0: Ground out 6-3 (Groundball, 6M, EV 83.8 MPH)
Batting: RHB Owen Miller 0-0: Ball
1-0: Called Strike
1-1: SINGLE (Line Drive, 8RS, EV 91.3 MPH)
Batting: RHB Darin Ruf 0-0: Ball
1-0: Foul Ball, location: 2F
1-1: Foul Ball, location: 3DF
1-2: Foul Ball, location: 5SF
1-2: Strikes out swinging
Batting: RHB Jeter Downs 0-0: Ball
1-0: Ball
2-0: Ball
3-0: Base on Balls
Owen Miller to second
Batting: LHB Trenton Brooks 0-0: DOUBLE (Groundball, 3L, EV 101.3 MPH)
Owen Miller scores
Jeter Downs to third
Batting: RHB Starlin Castro 0-0: Ball
1-0: SINGLE (Line Drive, 8RS, EV 101.9 MPH)
Jeter Downs scores
Trenton Brooks to third
Runner from 3rd tries for Home, SAFE, throw by CF to home
Batting: LHB Will Kengor 0-0: Ball
1-0: Called Strike
1-1: Foul Ball, location: 7LMF
1-2: Foul Ball, location: 2F
1-2: Ball
2-2: Strikes out swinging
Top of the 1st over - 3 runs, 3 hits, 0 errors, 1 left on base; Providence 3 - San Antonio 0
BOTTOM OF THE 1ST
San Antonio Texans batting - Pitching for Providence Heat : RHP Alan Strong
Pitching: RHP Alan Strong
Batting: SHB Leury Garcia 0-0: Ball
1-0: Foul Ball, location: 2F
1-1: Called Strike
1-2: SINGLE (Line Drive, 6D, EV 102.5 MPH)
Batting: RHB C.J. Chatham 0-0: Called Strike
0-1: Ball
1-1: Ball
2-1: Foul Ball, location: 2F
2-2: SINGLE (Line Drive, 5L, EV 103.8 MPH)
Leury Garcia to second
Batting: LHB Raimel Tapia 0-0: Swinging Strike
0-1: Ball
1-1: Ball
2-1: SINGLE (Groundball, 56D, EV 100.6 MPH)
Leury Garcia to third
C.J. Chatham to second
Batting: RHB Tyrone Taylor 0-0: Ball
1-0: Ground out U3 (Groundball, 34S, EV 72.5 MPH)
Leury Garcia scores
C.J. Chatham to third
Raimel Tapia to second
Batting: RHB Braden Bishop 0-0: Swinging Strike
0-1: Called Strike
0-2: Ground out 6-3 (Groundball, 6, EV 96.3 MPH)
C.J. Chatham scores
Batting: SHB Jonathan Arauz 0-0: Ball
1-0: Ball
2-0: Called Strike
2-1: Ball
3-1: Called Strike
3-2: Strikes out looking
Bottom of the 1st over - 2 runs, 3 hits, 0 errors, 1 left on base; Providence 3 - San Antonio 2
TOP OF THE 2ND
Providence Heat batting - Pitching for San Antonio Texans : LHP Logan Allen
Batting: RHB Ronald Torreyes 0-0: Ball
1-0: Ground out 1-3 (Groundball, 25, EV 65.0 MPH)
Batting: RHB Eduardo Valencia 0-0: Called Strike
0-1: Ball
1-1: Ball
2-1: SINGLE (Line Drive, 9LS, EV 96.9 MPH)
Batting: SHB Wilmer Difo 0-0: Ball
1-0: SINGLE (Groundball, 34, EV 103.8 MPH)
Eduardo Valencia to second
Eduardo Valencia to third
Batting: RHB Owen Miller 0-0: Called Strike
0-1: Foul Ball, location: 7LSF
0-2: Ball
1-2: Ball
2-2: Fielders Choice at 2nd, 5-4 (Groundball, 5, EV 105.0 MPH)
Batting: RHB Darin Ruf 0-0: Foul Ball, location: 9LMF
0-1: Ball
1-1: Ball
2-1: 3-RUN HOME RUN (Flyball, 7LD, EV 96.9 MPH), Distance : 348 ft
Batting: RHB Jeter Downs 0-0: Foul Ball, location: 2F
0-1: Ball
1-1: Foul Ball, location: 5SF
1-2: Strikes out looking
Top of the 2nd over - 3 runs, 3 hits, 0 errors, 0 left on base; Providence 6 - San Antonio 2
BOTTOM OF THE 2ND
San Antonio Texans batting - Pitching for Providence Heat : RHP Alan Strong
Batting: RHB Deibinson Romero 0-0: Swinging Strike
0-1: Ball
1-1: Called Strike
1-2: Strikes out looking
Batting: LHB Mitchell Tolman 0-0: DOUBLE (Line Drive, 7LS, EV 110.6 MPH)
Batting: LHB Meibrys Viloria 0-0: Ball
1-0: Ball
2-0: Ground out 5-3 (Groundball, 5L, EV 87.5 MPH)
Batting: SHB Leury Garcia 0-0: Foul Ball, location: 2F
0-1: Ball
1-1: 2-RUN HOME RUN (Flyball, 78XD, EV 108.8 MPH), Distance : 416 ft
Batting: RHB C.J. Chatham 0-0: Called Strike
0-1: Swinging Strike
0-2: Strikes out swinging
Bottom of the 2nd over - 2 runs, 2 hits, 0 errors, 0 left on base; Providence 6 - San Antonio 4
TOP OF THE 3RD
Providence Heat batting - Pitching for San Antonio Texans : LHP Logan Allen
Batting: LHB Trenton Brooks 0-0: Called Strike
0-1: DOUBLE (Line Drive, 3D, EV 95.0 MPH)
Batting: RHB Starlin Castro 0-0: Ball
1-0: Called Strike
1-1: Ground out 4-3 (Groundball, 4, EV 93.1 MPH)
Trenton Brooks to third
Batting: LHB Will Kengor 0-0: Ball
1-0: DOUBLE (Line Drive, 78D, EV 107.5 MPH)
Trenton Brooks scores
Batting: RHB Ronald Torreyes 0-0: SINGLE (Line Drive, 7S, EV 93.8 MPH)
Will Kengor to third
Pitching: RHP Jason Bilous
Batting: RHB Eduardo Valencia 0-0: Swinging Strike
0-1: Foul Ball, location: 9LSF
0-2: Ball
1-2: Strikes out swinging
Batting: SHB Wilmer Difo 0-0: Called Strike
0-1: Fly out, F9 (Flyball, 9LMF, EV 96.9 MPH)
Top of the 3rd over - 1 run, 3 hits, 0 errors, 2 left on base; Providence 7 - San Antonio 4
BOTTOM OF THE 3RD
San Antonio Texans batting - Pitching for Providence Heat : RHP Alan Strong
Batting: LHB Raimel Tapia 0-0: Ball
1-0: Called Strike
1-1: Called Strike
1-2: Ball
2-2: Ball
3-2: SINGLE (Line Drive, 78M, EV 92.5 MPH)
Batting: RHB Tyrone Taylor 0-0: Ball
1-0: DOUBLE (Line Drive, 7LS, EV 94.4 MPH)
Raimel Tapia to third
Runner from 3rd tries for Home, SAFE, throw by LF to home
Batting: RHB Braden Bishop 0-0: Called Strike
0-1: Called Strike
0-2: Ball
1-2: Foul Ball, location: 2F
1-2: Ball
2-2: Foul Ball, location: 3FF
2-2: Foul Ball, location: 2F
2-2: Ball
3-2: SINGLE (Line Drive, 7, EV 85.0 MPH)
Tyrone Taylor to third
Pitching: RHP Ljay Newsome
Batting: SHB Jonathan Arauz 0-0: Ball
1-0: Fly out, F7 (Line Drive, 78M, EV 81.9 MPH)
Runner from 3rd tags up, SCORES, no throw by LF
Batting: RHB Deibinson Romero 0-0: SINGLE (Line Drive, 78S, EV 103.8 MPH)
Braden Bishop to second
Batting: LHB Mitchell Tolman 0-0: Called Strike
0-1: Ball
1-1: Fielders Choice at 2nd, 1-6 (Groundball, 23, EV 66.3 MPH)
Braden Bishop to third
Batting: LHB Meibrys Viloria 0-0: Ball
1-0: Foul Ball, location: 23FF
1-1: Foul Ball, location: 5FF
1-2: Ball
2-2: Ball
3-2: Strikes out swinging
Bottom of the 3rd over - 2 runs, 4 hits, 0 errors, 2 left on base; Providence 7 - San Antonio 6
TOP OF THE 4TH
Providence Heat batting - Pitching for San Antonio Texans : RHP Jason Bilous
Batting: RHB Owen Miller 0-0: Foul Ball, location: 9LSFF
0-1: Ball
1-1: Foul Ball, location: 3DF
1-2: Strikes out swinging
Batting: RHB Darin Ruf 0-0: Ball
1-0: Called Strike
1-1: Ball
2-1: Reached on error, E6 (Groundball, 6M, EV 100.6 MPH)
Batting: RHB Jeter Downs 0-0: Ball
1-0: Ball
2-0: Called Strike
2-1: Foul Ball, location: 5DF
2-2: Ball
3-2: Foul Ball, location: 2F
3-2: Ground out 4-3 (Groundball, 4M, EV 103.1 MPH)
Darin Ruf to second
Batting: LHB Trenton Brooks 0-0: Swinging Strike
0-1: Foul Ball, location: 9LMF
0-2: Strikes out swinging
Top of the 4th over - 0 runs, 0 hits, 1 error, 1 left on base; Providence 7 - San Antonio 6
BOTTOM OF THE 4TH
San Antonio Texans batting - Pitching for Providence Heat : RHP Ljay Newsome
Batting: SHB Leury Garcia 0-0: Ball
1-0: Ball
2-0: Ball
3-0: Base on Balls
Batting: RHB C.J. Chatham 0-0: Ball
1-0: SINGLE (Line Drive, 6D, EV 96.9 MPH)
Leury Garcia to second
Batting: LHB Raimel Tapia 0-0: Foul Ball, location: 2F
0-1: Ball
1-1: Grounds into double play, 1-6-3 (Groundball, 13S, EV 63.8 MPH)
Leury Garcia to third
Batting: RHB Tyrone Taylor 0-0: Ball
1-0: Ball
2-0: Ball
3-0: Called Strike
3-1: Base on Balls
Batting: RHB Braden Bishop 0-0: Ball
1-0: Foul Ball, location: 2F
1-1: Swinging Strike
1-2: Ball
2-2: Strikes out swinging
Bottom of the 4th over - 0 runs, 1 hit, 0 errors, 2 left on base; Providence 7 - San Antonio 6
TOP OF THE 5TH
Providence Heat batting - Pitching for San Antonio Texans : RHP Jason Bilous
Batting: RHB Starlin Castro 0-0: Called Strike
0-1: Called Strike
0-2: Ball
1-2: Foul Ball, location: 2F
1-2: Strikes out looking
Batting: LHB Will Kengor 0-0: Foul Ball, location: 5DF
0-1: SINGLE (Line Drive, 6D, EV 108.8 MPH)
Batting: RHB Ronald Torreyes 0-0: Swinging Strike
0-1: Called Strike
0-2: Foul Ball, location: 9LSF
0-2: Strikes out swinging
Batting: RHB Eduardo Valencia 0-0: Foul Ball, location: 3FF
0-1: Foul Ball, location: 2F
0-2: Foul Ball, location: 2F
0-2: Fly out, F3 (Popup, 34S, EV 79.4 MPH)
Top of the 5th over - 0 runs, 1 hit, 0 errors, 1 left on base; Providence 7 - San Antonio 6
BOTTOM OF THE 5TH
San Antonio Texans batting - Pitching for Providence Heat : RHP Ljay Newsome
Batting: SHB Jonathan Arauz 0-0: Called Strike
0-1: Ball
1-1: Ball
2-1: Ball
3-1: Ground out 1-3 (Groundball, 34S, EV 70.6 MPH)
Batting: RHB Deibinson Romero 0-0: Ball
1-0: Foul Ball, location: 2F
1-1: Swinging Strike
1-2: Foul Ball, location: 5SF
1-2: Ground out 6-3 (Groundball, 6, EV 88.1 MPH)
Batting: LHB Mitchell Tolman 0-0: Ball
1-0: Called Strike
1-1: Ball
2-1: Foul Ball, location: 2F
2-2: Foul Ball, location: 2F
2-2: Ball
3-2: Strikes out swinging, 2-3 out at first.
Bottom of the 5th over - 0 runs, 0 hits, 0 errors, 0 left on base; Providence 7 - San Antonio 6
TOP OF THE 6TH
Providence Heat batting - Pitching for San Antonio Texans : RHP Jason Bilous
Batting: SHB Wilmer Difo 0-0: Ground out 4-3 (Groundball, 4M, EV 106.9 MPH)
Batting: RHB Owen Miller 0-0: Ball
1-0: Fly out, F8 (Flyball, 78S, EV 78.1 MPH)
Batting: RHB Darin Ruf 0-0: Called Strike
0-1: Ball
1-1: Swinging Strike
1-2: Strikes out swinging
Top of the 6th over - 0 runs, 0 hits, 0 errors, 0 left on base; Providence 7 - San Antonio 6
BOTTOM OF THE 6TH
San Antonio Texans batting - Pitching for Providence Heat : RHP Ljay Newsome
Batting: LHB Meibrys Viloria 0-0: Ball
1-0: Fly out, F7 (Flyball, 7LSF, EV 86.3 MPH)
Batting: SHB Leury Garcia 0-0: Ball
1-0: Fly out, F9 (Line Drive, 9, EV 86.9 MPH)
Batting: RHB C.J. Chatham 0-0: Called Strike
0-1: Called Strike
0-2: Ball
1-2: Ball
2-2: Ball
3-2: Foul Ball, location: 2LF
3-2: SINGLE (Groundball, 3D, EV 95.0 MPH)
Pitching: RHP Wyatt Mills
Batting: LHB Raimel Tapia 0-0: Ball
1-0: Ground out 1-3 (Groundball, 34S, EV 65.6 MPH)
Bottom of the 6th over - 0 runs, 1 hit, 0 errors, 1 left on base; Providence 7 - San Antonio 6
TOP OF THE 7TH
Providence Heat batting - Pitching for San Antonio Texans : RHP Jason Bilous
Pitching: RHP Jesse Chavez
Batting: RHB Jeter Downs 0-0: Foul Ball, location: 2F
0-1: Single, Error in OF, E8, batter to second base (Groundball, 6MD, EV 107.5 MPH)
Batting: LHB Trenton Brooks 0-0: Called Strike
0-1: Foul Ball, location: 2F
0-2: Ball
1-2: Foul Ball, location: 3F
1-2: Ball
2-2: Fly out, F8 (Flyball, 8RD, EV 105.6 MPH)
Batting: RHB Starlin Castro 0-0: Ground out 1-3 (Groundball, 15S, EV 71.3 MPH)
Batting: LHB Will Kengor 0-0: Fly out, F8 (Flyball, 8RM, EV 85.6 MPH)
Top of the 7th over - 0 runs, 1 hit, 1 error, 1 left on base; Providence 7 - San Antonio 6
BOTTOM OF THE 7TH
San Antonio Texans batting - Pitching for Providence Heat : RHP Wyatt Mills
Batting: RHB Tyrone Taylor 0-0: Ball
1-0: Called Strike
1-1: Ball
2-1: Foul Ball, location: 9LSF
2-2: Strikes out looking
Batting: RHB Braden Bishop 0-0: Ball
1-0: Foul Ball, location: 9LMF
1-1: Ball
2-1: Foul Ball, location: 5FF
2-2: Strikes out looking
Batting: SHB Jonathan Arauz 0-0: Called Strike
0-1: SOLO HOME RUN (Flyball, 9D, EV 98.8 MPH), Distance : 376 ft
Batting: RHB Deibinson Romero 0-0: Swinging Strike
0-1: Called Strike
0-2: Strikes out looking
Bottom of the 7th over - 1 run, 1 hit, 0 errors, 0 left on base; Providence 7 - San Antonio 7
TOP OF THE 8TH
Providence Heat batting - Pitching for San Antonio Texans : RHP Jesse Chavez
Batting: RHB Ronald Torreyes 0-0: Called Strike
0-1: Foul Ball, location: 9LSF
0-2: Ball
1-2: Ground out 5-3 (Groundball, 56S, EV 89.4 MPH)
Batting: RHB Eduardo Valencia 0-0: Called Strike
0-1: Called Strike
0-2: Ball
1-2: Fly out, F9 (Flyball, 89S, EV 90.0 MPH)
Batting: SHB Wilmer Difo 0-0: Ball
1-0: Fly out, F7 (Flyball, 7, EV 95.0 MPH)
Top of the 8th over - 0 runs, 0 hits, 0 errors, 0 left on base; Providence 7 - San Antonio 7
BOTTOM OF THE 8TH
San Antonio Texans batting - Pitching for Providence Heat : RHP Wyatt Mills
Pitching: LHP Miguel Del Pozo
Batting: LHB Mitchell Tolman 0-0: Called Strike
0-1: Ball
1-1: Fly out, F9 (Flyball, 9, EV 94.4 MPH)
Pinch Hitting: RHB Rylan Bannon 0-0: Swinging Strike
0-1: Swinging Strike
0-2: Strikes out looking
Batting: SHB Leury Garcia 0-0: Ball
1-0: Ball
2-0: Ball
3-0: Called Strike
3-1: Foul Ball, location: 23F
3-2: Strikes out swinging
Bottom of the 8th over - 0 runs, 0 hits, 0 errors, 0 left on base; Providence 7 - San Antonio 7
TOP OF THE 9TH
Providence Heat batting - Pitching for San Antonio Texans : RHP Jesse Chavez
Pitching: RHP Phil Maton
Now at C: Andrick Nava
Batting: RHB Owen Miller 0-0: Called Strike
0-1: Ball
1-1: Ground out 6-3 (Groundball, 6, EV 103.8 MPH)
Batting: RHB Darin Ruf 0-0: Called Strike
0-1: Foul Ball, location: 2F
0-2: Ball
1-2: Strikes out looking
Batting: RHB Jeter Downs 0-0: Ball
1-0: Called Strike
1-1: Fly out, F9 (Flyball, 9, EV 90.6 MPH)
Top of the 9th over - 0 runs, 0 hits, 0 errors, 0 left on base; Providence 7 - San Antonio 7
BOTTOM OF THE 9TH
San Antonio Texans batting - Pitching for Providence Heat : LHP Miguel Del Pozo
Pitching: RHP Cody Stashak
Batting: RHB C.J. Chatham 0-0: Ball
1-0: Foul Ball, location: 5F
1-1: Swinging Strike
1-2: Strikes out swinging
Batting: LHB Raimel Tapia 0-0: Called Strike
0-1: Fly out, F7 (Line Drive, 78M, EV 88.8 MPH)
Batting: RHB Tyrone Taylor 0-0: Ground out 5-3 (Groundball, 5S, EV 78.8 MPH)
Bottom of the 9th over - 0 runs, 0 hits, 0 errors, 0 left on base; Providence 7 - San Antonio 7
TOP OF THE 10TH
Providence Heat batting - Pitching for San Antonio Texans : RHP Phil Maton
Batting: LHB Trenton Brooks 0-0: Ball
1-0: Foul Ball, location: 7LMF
1-1: Foul Ball, location: 5SF
1-2: Ball
2-2: DOUBLE (Line Drive, 8LXD, EV 103.8 MPH)
Batting: RHB Starlin Castro 0-0: Called Strike
0-1: Swinging Strike
0-2: SINGLE (Line Drive, 6D, EV 69.4 MPH)
Trenton Brooks to third
Runner from 3rd tries for Home, SAFE, throw by CF to home
Starlin Castro to second
Batting: LHB Will Kengor 0-0: Ball
1-0: Ground out 1-3 (Groundball, 13, EV 63.8 MPH)
Batting: RHB Ronald Torreyes 0-0: Hit by Pitch
Batting: RHB Eduardo Valencia 0-0: Foul Ball, location: 2F
0-1: Ball
1-1: Foul Ball, location: 9LSF
1-2: Strikes out swinging
Batting: SHB Wilmer Difo 0-0: Ball
1-0: Ball
2-0: Foul Ball, location: 3FF
2-1: Called Strike
2-2: Foul Ball, location: 2F
2-2: Ball
3-2: Strikes out swinging
Top of the 10th over - 1 run, 2 hits, 0 errors, 2 left on base; Providence 8 - San Antonio 7
BOTTOM OF THE 10TH
San Antonio Texans batting - Pitching for Providence Heat : RHP Cody Stashak
Now in LF: Jairo Pomares
Batting: RHB Braden Bishop 0-0: Ball
1-0: Ground out 4-3 (Groundball, 4, EV 85.6 MPH)
Batting: SHB Jonathan Arauz 0-0: Ball
1-0: Ball
2-0: Ball
3-0: Base on Balls
Batting: RHB Deibinson Romero 0-0: Grounds into double play, 6-4-3 (Groundball, 6, EV 87.5 MPH)
Bottom of the 10th over - 0 runs, 0 hits, 0 errors, 0 left on base; Providence 8 - San Antonio 7
Friday, May 17th , 2024 - OOTP Baseball 24.11 Build 85